 Dungeon Crawl Stone Soup version 0.16-a0-282-ga87e286 (webtiles) character file.

160 Johnny the Ducker (level 4, -1/35 HPs)
             Began as a Demigod Transmuter on Aug 27, 2014.
             Killed by nerve-wracking pain
             ... invoked by an orc priest
              (7 damage)
             ... on Level 4 of the Dungeon.
             The game lasted 00:12:02 (3240 turns).

Johnny the Ducker (Demigod Transmuter)              Turns: 3240, Time: 00:12:02

HP  -1/35        AC  6     Str 17      XL: 4   Next: 96%
MP   0/10        EV 12     Int 18      God:
Gold 232         SH  0     Dex 14      Spells:  3 memorised,  1 level left

rFire  + . .     SeeInvis .     f - +2 dagger (venom)
rCold  + . .     Clarity  .     x - +0 leather armour of the Gusle {Str+2 Dex-2}
rNeg   . . .     rCorr    +     (no shield)
rPois  +         rRot     .     (no helmet)
rElec  +         Spirit   .     (no cloak)
SustAb .         Warding  .     e - +2 pair of gloves
rMut   .         Stasis   .     (no boots)
Gourm  .                        (no amulet)
MR     .....                    (no ring)
                                (no ring)

@: confused, resistant, not resistant to hostile enchantments, very unstealthy
A: no striking features
a: no special abilities


You were on level 4 of the Dungeon.
You were not hungry.

You visited 1 branch of the dungeon, and saw 4 of its levels.

You collected 232 gold pieces.

Inventory:

Hand weapons
 f - a +2 dagger of venom (weapon)
 r - a +0 dagger of venom
Missiles
 b - 57 arrows
Armour
 c - a +0 robe
 e - a +2 pair of gloves (worn)
 t - a fire dragon hide
 x - the +0 leather armour of the Gusle (worn) {Str+2 Dex-2}
   (You found it on level 4 of the Dungeon)

   It affects your strength (+2).
   It affects your dexterity (-2).
Comestibles
 a - 4 bread rations
 g - a beef jerky
 z - a rotting chunk of worm flesh
Scrolls
 h - 2 scrolls of teleportation
 i - a scroll of remove curse
 n - a scroll of recharging
 s - a scroll of amnesia
 w - a scroll of enchant weapon {unknown}
Potions
 j - a potion of curing
 k - a potion of flight {unknown}
 l - a potion of haste {unknown}
 m - a potion of resistance
 p - a potion of restore abilities {unknown}
 q - 2 potions of magic
 u - a potion of porridge
Books
 d - a book of Changes

   Spells                             Type                      Level
   *Beastly Appendage                 Transmutation                1
   *Sticks to Snakes                  Transmutation                2
   *Spider Form                       Transmutation/Poison         3
   Ice Form                           Ice/Transmutation            4
   Blade Hands                        Transmutation                5


   Skills:
 + Level 1.1 Fighting
 + Level 1.0 Short Blades
 + Level 3.6 Dodging
 + Level 3.1 Unarmed Combat
 + Level 2.1 Spellcasting
 + Level 2.4 Transmutations


You had one spell level left.
You knew the following spells:

 Your Spells              Type           Power        Failure   Level  Hunger
a - Beastly Appendage     Trmt           ##....       10%         1    #......
b - Sticks to Snakes      Trmt           ##........   12%         2    ##.....
c - Spider Form           Trmt/Pois      #.........   34%         3    ####...


Dungeon Overview and Level Annotations

Branches:
Dungeon (4/15)
 Temple: D:4-7


Message History

* * * LOW HITPOINT WARNING * * *
Your ball python bites the orc priest.
Your ball python grabs the orc priest.
Your ball python constricts the orc priest.
The orc priest hits you with a club.
* * * LOW HITPOINT WARNING * * *
Are you sure you want to stumble around while confused and next to your ball python? [Y]es or [N]o only, please.
Are you sure you want to stumble around while confused and next to your ball python?
Okay, then.
Wield which item (- for none, * to show all)? (? for menu, Esc to quit)
It begins to drip with poison!
f - a +2 dagger of venom (weapon)
Are you sure you want to stumble around while confused and next to your ball python? (Use ctrl+direction to attack without moving)
Okay, then.
Your ball python bites the orc priest but does no damage.
Your ball python constricts the orc priest.
The orc priest hits you but does no damage.
The orc priest calls down the wrath of Beogh upon you.
Pain shoots through your body!
You die...

... #.. ..... #.. ...##
#..# ...#### #.##
#....## #.## ##.<...##
#.## ....##.......# #.##
#...........# #.##
##.##......@## #.## #
#.....Soo############.##
##........)oo...#.......
#.[.....######..#.###.##
#......(# #....###.##
#.......# ###.%o...o.
##.....## ##%.....##
##...## ##........#
##### #..........


You could see 2 orc priests and a friendly ball python.

Vanquished Creatures
  4 gnolls (D:3)
  5 adders
  A worm (D:4)
  2 giant geckos
  2 orcs
  5 hobgoblins
  4 quokkas
  11 bats
  4 giant cockroaches
  2 giant newts
  7 goblins
  7 jackals
  6 kobolds
  6 rats
66 creatures vanquished.

Notes
Turn   | Place    | Note
--------------------------------------------------------------
     0 | D:1      | Johnny, the Demigod Transmuter, began the quest for the Orb.
     0 | D:1      | Reached XP level 1. HP: 15/15 MP: 3/3
   476 | D:1      | Reached XP level 2. HP: 22/22 MP: 5/5
   530 | D:1      | Reached skill level 3 in Unarmed Combat
  1198 | D:2      | Learned a level 2 spell: Sticks to Snakes
  1231 | D:2      | Reached skill level 1 in Fighting
  1246 | D:2      | Reached XP level 3. HP: 17/28 MP: 8/8
  2086 | D:3      | Reached XP level 4. HP: 35/35 MP: 8/10
  2092 | D:3      | Reached skill level 1 in Short Blades
  2358 | D:3      | Learned a level 3 spell: Spider Form
  3001 | D:4      | Got a steaming leather armour
  3012 | D:4      | Identified the +0 leather armour of the Gusle {Str+2 Dex-2} (You found it on level 4 of the Dungeon)
  3219 | D:4      | HP: 1/35 [orc priest/divine providence (14)]
  3240 | D:4      | Killed from afar by an orc priest

Action                   |  1- 3 |  4- 6 || total
-------------------------+-------+-------++-------
Melee: Dagger            |   119 |    75 ||   194
       Unarmed           |     2 |    12 ||    14
 Cast: Beastly Appendage |     3 |     6 ||     9
       Sticks to Snakes  |       |     6 ||     6
       Spider Form       |       |     2 ||     2
  Use: Scroll            |     4 |     4 ||     8
       Potion            |       |     4 ||     4
  Eat: Chunk             |     1 |     2 ||     3
       Meat ration       |     1 |       ||     1
